 Dungeon Crawl Stone Soup version 0.23-b1-6-ga921848 (webtiles) character file.

Game seed: 4709608559460561670

763 Hylith the Skirmisher (level 7, 0/63 HPs)
             Began as a Hill Orc Monk on Feb 1, 2019.
             Was a Priest of Okawaru.
             Succumbed to a worker ant's poison
             ... on level 5 of the Dungeon.
             The game lasted 00:21:41 (5538 turns).

Hylith the Skirmisher (Hill Orc Monk)               Turns: 5538, Time: 00:21:41

Health: 0/63       AC: 13    Str: 16    XL:     7   Next: 81%
Magic:  7/7        EV:  2    Int: 10    God:    Okawaru [***...]
Gold:   242        SH: 13    Dex: 13    Spells: 6/6 levels left

rFire    . . .     SeeInvis .   s - +0 long sword (curse)
rCold    . . .     Gourm    .   h - +0 large shield
rNeg     . . .     Faith    .   j - +0 chain mail
rPois    .         Spirit   .   k - +2 hat
rElec    .         Reflect  .   l - +0 cloak (curse)
rCorr    .         Harm     .   (no gloves)
MR       .....                  d - +0 pair of boots
Stlth    ..........             (no amulet)
HPRegen  0.20/turn              (no ring)
MPRegen  0.10/turn              (no ring)

@: lethally poisoned (0 -> -6), heavily drained
A: no striking features
a: Heroism, Renounce Religion


You were on level 5 of the Dungeon.
You worshipped Okawaru.
Okawaru was most pleased with you.
You were not hungry.

You visited 1 branch of the dungeon, and saw 6 of its levels.

You collected 332 gold pieces.
You spent 90 gold pieces at shops.

Inventory:

Hand Weapons
 e - a +0 hand axe
 s - a cursed +0 long sword (weapon)
Armour
 d - a +0 pair of boots (worn)
 h - a +0 large shield (worn)
 j - a +0 chain mail (worn)
 k - a +2 hat (worn)
 l - a cursed +0 cloak (worn)
 t - a +0 chain mail
 u - a +0 shield
 v - a +0 helmet
Wands
 a - a wand of polymorph (8)
Scrolls
 b - 8 scrolls of identify
 i - a scroll of fear
 n - a scroll of amnesia
Potions
 f - a potion of mutation
 g - a potion of might
 m - a potion of magic {unknown}
 o - a potion of heal wounds
 p - a potion of degeneration {unknown}
 q - a potion of ambrosia
 r - 2 potions of lignification {unknown}
 w - a potion of curing {unknown}
Comestibles
 c - 6 rations


   Skills:
 * Level 6.0(4.1) Fighting
 + Level 5.3(3.5) Axes
 + Level 4.4(2.6) Armour
 - Level 3.0(1.3) Dodging
 - Level 2.0(0.3) Stealth
 + Level 4.7(2.9) Shields


You had 6 spell levels left.
You didn't know any spells.
Your spell library was empty.

Dungeon Overview and Level Annotations

Branches:
Dungeon (6/15)
 Temple: D:4-7

Altars:
Elyvilon
Hepliaklqana
Makhleb
Okawaru
Qazlal
Yredelemnul

Shops:
D:5 !}[!

Annotations:
D:5 2 transporters, Hylith's ghost, novice HOMo


Message History

The wight is heavily damaged.
You feel sick. You block the wight's attack.
Your shield and chain mail prevent you from hitting the wight.
The wight is heavily damaged.
You feel sick. The wight hits you but does no damage.
You block the wight's attack.
You hit the wight but do no damage.
The wight is heavily damaged.
You feel sick. You block the wight's attack.
You hit the wight.
The wight is severely damaged.
You feel sick. You block the wight's attack.
You closely miss the wight.
The wight is severely damaged.
You feel sick. The wight hits you with a +2 halberd!
* * * LOW HITPOINT WARNING * * *
You feel drained. You block the wight's attack.
You hit the wight but do no damage.
The wight is severely damaged.
You die...

##.#.#...#########..# ###.#######
..)....#.....©(....## #..........
.#...#..#.##...#..## #.#.######.
.#......#.##......# #.#.######†
.##..##.#.##.###.## #.#........
.##..##......# #.# ####.#..#####.
.#####...###.# #.# #......<......
...#E#...#E#.###.###.##.#..####.<
.#####...###..[[@z.........#####.
.##..........#######.##..........
......._.............############
.##.........##########
.#####...#### ...#E#...#E#
##.###...### #......## ########


You could see a wight.

Vanquished Creatures
  Sigmund (D:2)
  An ogre (D:4)
  2 wights (D:5)
  2 jellies
  3 hounds
  An orc priest (D:4)
  2 orc wizards (D:5)
  A worker ant (D:5)
  4 gnolls (D:3)
  2 adders (D:2)
  2 worms
  2 dart slugs
  6 leopard geckos
  19 orcs
  8 bats
  6 giant cockroaches
  7 goblins
  8 hobgoblins
  8 jackals
  3 quokkas
  2 ball pythons
  6 frilled lizards
  A jackal skeleton (D:5)
  2 jackal zombies (D:5)
  12 kobolds
  A quokka skeleton (D:4)
  6 rats
118 creatures vanquished.

Notes
Turn   | Place    | Note
-------+----------+-------------------------------------------
     0 | D:1      | Hylith the Hill Orc Monk began the quest for the Orb.
     0 | D:1      | Reached XP level 1. HP: 19/19 MP: 1/1
   250 | D:1      | Reached XP level 2. HP: 11/26 MP: 2/2
   864 | D:1      | Reached XP level 3. HP: 21/33 MP: 3/3
  1366 | D:2      | Noticed Sigmund
  1463 | D:2      | Reached skill level 1 in Armour
  1542 | D:2      | Reached skill level 4 in Fighting
  1731 | D:2      | Found a white marble altar of Elyvilon.
  1826 | D:2      | Reached skill level 1 in Shields
  1826 | D:2      | Reached XP level 4. HP: 31/40 MP: 4/4
  1951 | D:2      | Found an iron altar of Okawaru.
  1957 | D:2      | Became a worshipper of Warmaster Okawaru
  1957 | D:2      | Reached * piety under Okawaru
  1957 | D:2      | Reached ** piety under Okawaru
  2559 | D:2      | Found a basalt altar of Yredelemnul.
  2559 | D:2      | Found a burning altar of Makhleb.
  2837 | D:2      | Killed Sigmund
  2837 | D:2      | Reached XP level 5. HP: 27/47 MP: 5/5
  2980 | D:3      | Reached XP level 6. HP: 46/55 MP: 6/6
  3080 | D:3      | Reached skill level 5 in Fighting
  3637 | D:4      | Reached *** piety under Okawaru
  4197 | D:4      | Reached skill level 5 in Axes
  4197 | D:4      | Reached XP level 7. HP: 36/61 MP: 7/7
  4224 | D:5      | Entered Level 5 of the Dungeon
  4362 | D:5      | Found a transporter.
  4363 | D:5      | Noticed Hylith's ghost (novice HOMo)
  4363 | D:5      | Found a transporter.
  4406 | D:5      | Found Aluarrex's Distillery.
  4634 | D:5      | Found Solaahuh's Gadget Shop.
  4650 | D:5      | Found Yhau's Antique Armour Boutique.
  4654 | D:5      | Bought a helmet for 90 gold pieces
  4797 | D:5      | Found Vusteg's Distillery.
  4827 | D:5      | Found Baraisch's Weapon Boutique.
  4941 | D:5      | Found a hazy altar of Hepliaklqana.
  5185 | D:5      | Found a stormy altar of Qazlal.
  5187 | D:5      | Noticed an air elemental
  5187 | D:5      | Noticed a water elemental
  5188 | D:5      | Noticed a fire elemental
  5263 | D:5      | Reached skill level 6 in Fighting
  5537 | D:5      | HP: 1/63 [wight/+2 halberd (12)]
  5538 | D:5      | Succumbed to a worker ant's poison

Skill      XL: |  1  2  3  4  5  6  7 |
---------------+----------------------+-----
Dodging        | 3 |  3.0
Armour         | 1 3 4 |  4.4
Fighting       | 4 5 6 |  6.0
Stealth        | 2 |  2.0
Shields        | 1 2 3 4 |  4.7
Axes           | 5 |  5.3

Action                   |  1- 3 |  4- 6 |  7- 9 || total
-------------------------+-------+-------+-------++-------
Melee: Hand axe          |   159 |   186 |       ||   345
       Long sword        |       |    53 |   178 ||   231
  Use: Potion            |       |     3 |     1 ||     4
       Scroll            |       |     5 |     2 ||     7
 Stab: Sleeping          |     2 |       |       ||     2
       Invisible         |       |     1 |       ||     1
  Eat: Ration            |     1 |     2 |     1 ||     4
       Chunk             |       |     2 |     2 ||     4
Armor: Robe              |     4 |       |       ||     4
       Leather armour    |    22 |       |       ||    22
       Chain mail        |    35 |   103 |   163 ||   301
       Skin              |       |     8 |       ||     8
Dodge: Dodged            |    54 |    28 |    45 ||   127
Block: Buckler           |    13 |       |       ||    13
       Large shield      |    57 |   133 |   227 ||   417
       Rpst.: Long sword |       |     2 |    10 ||    12
